Map: Coda LE (Void)

Players

Wintersc2 (Winter) - Winner!

  • Race: Terran Terran

MorroW

  • Race: Terran Terran

VOD

Have the link to the VOD?

Description

Time

  • Played on: April 5, 2015, 8:02 p.m.
  • Length: 11:39
Show
View Real Time Build Order
Export as new Build Order

Wintersc2 Terran - Winner!

Build Orders: Bio Tank, MMM Bio 

Get SALT Encoding   

  12  0:01  SCV  
  13  0:13  SCV  
  14  0:18  Supply Depot  
  14  0:25  SCV  
  15  0:40  SCV  
  16  0:44  Barracks  
  16  0:50  Refinery  
  16  0:54  SCV  
  17  1:06  SCV  
  18  1:19  SCV  
  19  1:32  Orbital Command  
  19  1:38  Command Center  
  19  1:42  Marine  
  20  1:56  Supply Depot  
  20  2:00  SCV  
  21  2:12  Factory  
  21  2:14  Marine  
  22  2:17  SCV  
  22  2:32  Bunker  
  22  2:33  SCV  
  23  2:38  Barracks  
  23  2:46  SCV  
  23  2:50  Orbital Command  
  24  2:56  Factory Tech Lab  
  24  2:58  Starport  
  24  2:59  SCV  
  24  3:04  Refinery  
  25  3:11  SCV  
  26  3:18  SCV  
  27  3:23  SCV  
  28  3:30  SCV, Marine x2  
  31  3:35  Cyclone  
  34  3:48  Marine x2  
  36  3:54  SCV  
  37  3:56  Viking  
  37  3:58  SCV  
  40  4:04  Supply Depot, Barracks  
  40  4:05  Marine  
  40  4:06  SCV, Refinery  
  42  4:10  SCV  
  43  4:19  SCV  
  44  4:26  Cyclone  
  44  4:27  Marine x2  
  44  4:30  SCV  
  49  4:32  SCV  
  50  4:42  SCV  
  50  4:43  Supply Depot  
  50  4:44  SCV  
  54  4:47  Supply Depot, Barracks Tech Lab  
  52  4:54  SCV  
  52  4:58  Marine  
  54  5:04  SCV, Supply Depot  
  54  5:05  Cyclone  
  54  5:06  Engineering Bay  
  53  5:16  Marine  
  52  5:24  Marine  
  52  5:26  Barracks Reactor  
  52  5:27  SCV x2  
  51  5:32  Medivac  
  51  5:34  Marine  
  51  5:35  Barracks  
  48  5:36  Stimpack  
  48  5:39  SCV x2  
  48  5:42  Marine  
  47  5:51  SCV, Cyclone  
  47  5:52  SCV, Marine  
  51  6:00  Marine  
  51  6:03  SCV  
  52  6:10  Marine  
  50  6:17  Marine  
  48  6:26  SCV x2  
  48  6:27  Siege Tank  
  48  6:28  Medivac, Marine  
  55  6:35  Marine  
  55  6:38  SCV x2  
  55  6:39  Marine  
  57  6:40  Marine  
  57  6:45  Marine  
  59  6:50  SCV  
  59  6:52  SCV  
  59  6:53  Marine  
  62  6:57  Marine x2  
  62  6:58  Refinery  
  64  7:03  Marine  
  64  7:04  Siege Tank  
  64  7:05  SCV  
  64  7:06  Medivac  
  71  7:11  SCV, Marine  
  71  7:15  Marine x2  
  73  7:16  Supply Depot  
  73  7:17  SCV  
  77  7:23  SCV  
  77  7:24  Barracks Tech Lab  
  77  7:28  Barracks  
  77  7:29  Marine  
  78  7:38  Combat Shields, Marine x2  
  78  7:43  Medivac  
  78  7:44  SCV, Siege Tank  
  85  7:48  Supply Depot, Marine  
  87  7:56  Marine  
  87  7:57  Supply Depot, Marine  
  90  8:00  Concussive Shells, Marauder  
  91  8:07  Terran Infantry Weapons Level 1, Marauder  
  91  8:10  SCV  
  94  8:13  Marine  
  94  8:15  Marine  
  96  8:20  Supply Depot, Barracks Tech Lab  
  96  8:21  Barracks Reactor  
  96  8:22  Barracks  
  93  8:40  Marine x2  
  93  8:41  Marauder x2  
  99  8:43  Siege Tank  
  99  8:46  Starport Reactor  
  102  8:57  SCV  
  102  8:58  Marine x2  
  102  9:01  Command Center, Supply Depot  
  102  9:02  Supply Depot, Marauder  
  101  9:14  Marine  
  101  9:15  Marauder  
  100  9:26  Marine  
  100  9:27  Marauder  
  89  9:31  Marine x2  
  89  9:36  Marauder  
  89  9:38  Marine  
  92  9:40  SCV, Siege Tank  
  92  9:41  Medivac x2  
  92  9:44  Marine  
  96  9:48  Marauder  
  93  9:57  Marine  
  93  9:58  Marauder  
  93  9:59  Marine x2  
  92  10:07  Marine  
  92  10:10  Marauder  
  95  10:15  Marine  
  95  10:16  Marine  
  95  10:17  Marine  
  95  10:20  Orbital Command  
  98  10:24  Armory, Engineering Bay, Marine  
  99  10:30  Marine  
  100  10:41  Marine  
  94  10:43  Marine  
  94  10:44  Marine x2  
  94  10:46  Marine  
  94  10:47  Siege Tank, Marine  
  94  10:48  Orbital Command  
  100  10:50  SCV  
  101  10:59  Marine  
  101  11:01  Marine  
  101  11:02  SCV, Marine  
  101  11:03  Marine, Medivac x2, Marauder  
  112  11:05  SCV, Marine  
  114  11:14  SCV  
  114  11:17  Marine  
  114  11:18  SCV, Marine  
  117  11:20  Marine  
Show
View Real Time Build Order
Export as new Build Order

MorroW Terran 

Build Orders: Cyclone Opening 

Get SALT Encoding   

  12  0:01  SCV  
  13  0:13  SCV  
  14  0:20  Supply Depot  
  14  0:25  SCV  
  15  0:42  SCV  
  16  0:43  Barracks  
  16  0:52  Refinery  
  16  0:54  SCV, Refinery  
  17  1:06  SCV  
  18  1:19  SCV  
  19  1:33  Orbital Command  
  19  1:34  Marine  
  19  1:39  Factory  
  20  1:51  Marine  
  21  2:00  SCV, Supply Depot  
  22  2:10  Barracks Tech Lab  
  22  2:13  SCV  
  22  2:25  SCV  
  23  2:32  Cyclone  
  23  2:36  Barracks Reactor  
  26  2:38  SCV  
  26  2:40  Supply Depot  
  27  2:50  SCV  
  28  3:02  SCV  
  28  3:04  Cyclone  
  32  3:08  Command Center  
  32  3:13  Marine  
  32  3:14  Marine  
  34  3:21  Supply Depot  
  34  3:24  SCV  
  35  3:36  SCV  
  35  3:41  Cyclone  
  35  3:43  Marine x2  
  40  3:48  SCV  
  40  3:52  Supply Depot  
  41  4:00  SCV, Marine  
  41  4:01  Marine  
  44  4:12  SCV  
  44  4:13  Cyclone  
  44  4:17  Factory  
  48  4:25  Orbital Command  
  48  4:29  Marine x2  
  49  4:39  SCV  
  50  4:51  SCV  
  47  4:53  SCV  
  47  4:56  Cyclone  
  47  4:57  Marine x2  
  50  5:03  SCV  
  50  5:05  SCV  
  52  5:15  SCV  
  52  5:20  SCV  
  49  5:22  Factory Tech Lab, Marine x2  
  51  5:29  Cyclone  
  51  5:31  SCV  
  51  5:33  Refinery  
  51  5:34  Refinery  
  55  5:35  SCV  
  55  5:40  Command Center  
  55  5:41  Supply Depot  
  56  5:43  SCV  
  56  5:46  Cyclone  
  56  5:48  SCV  
  58  5:55  SCV  
  59  6:04  SCV  
  60  6:10  Cyclone  
  62  6:14  SCV  
  62  6:16  SCV  
  61  6:25  Cyclone, Marine x2  
  59  6:26  SCV  
  59  6:27  Refinery  
  59  6:28  SCV  
  59  6:30  Refinery  
  63  6:39  Armory  
  63  6:40  Supply Depot, SCV x2  
  63  6:41  Supply Depot  
  63  6:43  Marine x2  
  63  6:45  Cyclone  
  70  6:50  Supply Depot  
  70  7:00  SCV  
  70  7:01  SCV, Marine x2  
  72  7:04  Orbital Command  
  74  7:09  Cyclone  
  74  7:13  SCV  
  78  7:17  Cyclone  
  78  7:19  Marine x2  
  78  7:20  SCV  
  84  7:25  SCV  
  80  7:32  SCV  
  80  7:35  SCV  
  80  7:36  Marine  
  80  7:37  SCV, Marine  
  79  7:41  Cyclone  
  85  7:45  Terran Vehicle and Ship Weapons Level 1  
  85  7:48  SCV x2  
  85  7:49  Cyclone  
  90  7:54  Marine  
  90  7:55  Marine  
  90  7:57  Factory  
  90  7:58  Factory  
  92  8:03  SCV x3  
  95  8:12  Marine  
  96  8:13  Cyclone, Marine  
  96  8:15  SCV x3  
  103  8:22  Cyclone  
  106  8:29  Command Center  
  106  8:30  Marine  
  106  8:31  Marine  
  106  8:34  Infernal Pre-Igniter  
  103  8:39  SCV x2  
  103  8:40  Factory  
  103  8:41  Factory  
  103  8:43  Unknown  
  103  8:47  Hellion x2  
  103  8:48  Marine  
  108  8:49  Cyclone, Marine  
  108  8:52  Supply Depot x2  
  108  8:53  Supply Depot  
  112  8:56  Engineering Bay  
  112  8:58  Cyclone  
  112  9:02  SCV x3  
  118  9:06  Marine x2  
  118  9:08  Hellion  
  118  9:09  Hellion  
  105  9:19  SCV  
  105  9:20  SCV x2  
  105  9:21  Hellion  
  98  9:30  Hellion x3  
  90  9:31  SCV  
  90  9:32  SCV x2  
  81  9:44  SCV x2  
  70  9:49  Orbital Command  
  62  9:59  Cyclone x2  
  59  10:03  Factory Tech Lab  
  59  10:05  Factory Tech Lab  
  59  10:09  SCV x2  
  60  10:17  Factory Tech Lab  
  60  10:18  Hellion  
  60  10:23  SCV x3, Refinery  
  60  10:24  Refinery  
  63  10:31  Cyclone  
  57  10:43  Cyclone  
  50  10:51  SCV x3  
  53  11:04  Cyclone  
  53  11:05  Cyclone  
Tags
 
Composition
Bio TankMMM Bio
Matchup
TvT
Race
Terran
Replay Pack
winter
Add a new tag
Caveats
  • Supply blocks, unpowered buildings, or Contaminate may cause inaccurate times.
  • Supply counts are checked every 10 seconds.